Remparts vs Demolitions
(R1)
Created - May 3, 2018 at 19:17
Goals
|
| Remparts |
1 |
1 |
7 |
9 |
| Demolitions |
0 |
0 |
2 |
2 |
|
Shots
|
| Remparts |
9 |
8 |
23 |
40 |
| Demolitions |
5 |
10 |
15 |
30 |
|
1st period
1. Remparts , Ryan Strome 22 (Pasi Salonen 35, Max Reinhart 37) at 15:39 (PP)
Penalties :
Cédric Lalonde-McNicoll (Que) for Hooking (Minor) at 3:26, Andrej Nestrasil (Vic) for Interference (Minor) at 9:25, Dainius Zubrus (Que) for Hooking (Minor) at 9:49, Andrej Nestrasil (Vic) for Holding (Minor) at 12:49, Robert Bortuzzo (Vic) for Hooking (Minor) at 15:23, Seth Helgeson (Vic) for Holding (Minor) at 16:51
2nd period
2. Remparts , Max Reinhart 23 (Mike Weber 31, Kris Russell 29) at 9:33
Penalties :
Pasi Salonen (Que) for Tripping (Minor) at 17:34
3rd period
3. Demolitions , Jack Skille 24 (Jonathan Blum 35, Brandon McMillan 15) at 5:27
4. Remparts , Ryan Strome 23 (Erik Gustafsson 12, Guillaume Desbiens 63) at 6:19
5. Remparts , Cédric Lalonde-McNicoll 17 (Justin Williams 26) at 8:21 (PP)
6. Demolitions , Ryan Bayda 39 (Jonathan Blum 36, Bobby Butler 49) at 10:14 (SH)
7. Remparts , Griffin Reinhart 1 (Pasi Salonen 36) at 10:51 (PP)
8. Remparts , Dainius Zubrus 26 (Alex Galchenyuk 68, Guillaume Desbiens 64) at 15:44 (PP)
9. Remparts , Ryan Strome 24 (Pasi Salonen 37, William Colbert 25) at 17:36
10. Remparts , Guillaume Desbiens 57 (Dainius Zubrus 48, Alex Galchenyuk 69) at 19:06 (PP)
11. Remparts , Ryan Strome 25 (Pasi Salonen 38, Max Reinhart 38) at 19:29 (PP)
Penalties :
Corban Knight (Vic) for Roughing (Minor) at 6:22, Mike Sauer (Vic) for Roughing (Minor) at 8:54, Dainius Zubrus (Que) for Holding (Minor) at 12:48, Seth Helgeson (Vic) for Holding (Minor) at 14:17, Cameron Schilling (Vic) for Fighting (Major) at 17:39, Mike Weber (Que) for Fighting (Major) at 17:39, Cameron Schilling (Vic) for instigated a fight (Minor) at 17:39, Cameron Schilling (Vic) for instigated a fight (10 Minutes Misconduct) at 17:39, Andrej Nestrasil (Vic) for Hooking (Minor) at 19:07
Goalie Stats
Tyler Plante (Que), 28 saves from 30 shots - (0.933), W, 22-22-4, 60:00 minutes
Joe Cannata (Vic), 31 saves from 40 shots - (0.775), L, 10-18-5, 60:00 minutes
Players Stats for Remparts
Player Name G A P +/- PIM S H SB GA TA FO MP PP MP PK MP
------------------------------------------------------------------------------------
Alex Galchenyuk 0 2 2 -2 0 4 1 0 1 0 1/3 23:03 7:16 0:47
Cédric Lalonde-McNicoll 1 0 1 0 2 2 1 0 0 0 1/1 10:31 0:20 1:13
Chris Mueller 0 0 0 0 0 2 2 0 0 0 2/2 6:12 0:00 0:00
Dainius Zubrus 1 1 2 -2 4 3 2 0 1 0 18/33 22:06 7:07 1:04
Dale Weise 0 0 0 0 0 0 0 0 0 0 0/0 6:12 0:00 0:00
Erik Gustafsson 0 1 1 1 0 2 0 1 0 0 0/0 17:01 0:00 1:30
Griffin Reinhart 1 0 1 0 0 3 0 0 1 1 0/0 14:42 5:02 0:04
Guillaume Desbiens 1 2 3 -2 0 2 2 0 2 0 5/7 23:36 7:08 1:25
Johannes Salmonsson 0 0 0 0 0 0 2 1 0 0 0/0 12:57 0:12 2:44
Justin Williams 0 1 1 0 0 3 2 0 0 0 0/1 9:10 0:20 0:00
Kris Russell 0 1 1 0 0 2 2 6 1 1 0/0 29:59 8:07 4:10
Max Reinhart 1 2 3 3 0 1 3 1 0 0 11/20 19:28 3:52 3:01
Michal Jordan 0 0 0 0 0 0 0 2 0 1 0/0 9:50 0:00 0:22
Mike Weber 0 1 1 0 5 0 0 0 0 1 0/0 26:46 6:18 3:22
Pasi Salonen 0 4 4 3 2 3 2 2 0 0 0/1 17:09 3:52 1:28
Patrick Maroon 0 0 0 0 0 3 1 0 0 0 0/0 6:12 0:00 0:00
Ryan Strome 4 0 4 3 0 8 3 0 0 0 0/1 15:24 3:52 0:00
William Colbert 0 1 1 1 0 2 1 0 0 0 0/0 21:41 3:13 2:14
Players Stats for Demolitions
Player Name G A P +/- PIM S H SB GA TA FO MP PP MP PK MP
------------------------------------------------------------------------------------
Aaron Palushaj 0 0 0 0 0 0 1 0 0 0 0/1 5:44 0:00 0:00
Alex Hutchings 0 0 0 0 0 0 1 0 0 0 0/0 1:13 0:00 1:09
Andrej Nestrasil 0 0 0 0 6 2 0 0 0 0 3/3 9:50 0:22 0:00
Billy Sweat 0 0 0 0 0 0 0 0 0 0 1/1 1:23 0:34 0:14
Bobby Butler 0 1 1 0 0 5 3 0 1 0 9/20 25:19 2:47 6:40
Brandon McMillan 0 1 1 -1 0 1 0 0 0 0 5/8 10:33 0:00 0:00
Cameron Schilling 0 0 0 2 17 1 1 1 0 2 0/0 27:15 3:10 6:05
Colton Sceviour 0 0 0 0 0 0 0 0 0 0 0/0 0:00 0:00 0:00
Corban Knight 0 0 0 -1 2 1 2 0 0 0 8/25 17:19 2:50 0:00
Derek Forbort 0 0 0 0 0 0 0 0 0 0 0/0 3:03 0:00 0:00
Dmitri Orlov 0 0 0 -1 0 0 0 2 0 0 0/0 10:32 0:00 3:00
Erik Condra 0 0 0 -1 0 0 1 0 2 0 4/4 21:28 3:15 3:17
Frazer Mclaren 0 0 0 0 0 0 0 0 0 0 0/1 9:27 0:00 0:00
Jack Skille 1 0 1 -1 0 2 2 0 0 1 0/0 17:12 2:43 3:17
Jonathan Blum 0 2 2 2 0 4 2 1 0 1 0/0 29:35 3:10 7:54
Josh Beaulieu 0 0 0 0 0 0 0 0 0 0 0/0 1:50 0:15 1:09
Mike Sauer 0 0 0 -2 2 1 2 0 0 1 0/0 19:36 2:41 3:13
Mikko Lehtonen 0 0 0 0 0 5 1 0 0 0 0/0 9:32 0:05 0:00
Nick Pryor 0 0 0 0 0 0 0 0 0 0 0/0 0:30 0:00 0:00
Robert Bortuzzo 0 0 0 -1 2 0 1 0 0 0 0/0 7:52 0:00 0:21
Ryan Bayda 1 0 1 0 0 5 2 2 0 1 0/2 21:31 2:21 6:54
Ryan Russell 0 0 0 0 0 2 1 0 0 0 0/0 5:44 0:00 0:00
Seth Helgeson 0 0 0 -2 4 1 1 3 1 0 0/0 18:42 2:40 2:07
Taylor Aronson 0 0 0 0 0 0 0 0 0 0 0/0 3:03 0:00 0:00
Thomas DiPauli 0 0 0 0 0 0 0 0 0 0 1/4 8:13 2:21 0:00
3 Stars
1 - Ryan Strome (Que)
2 - Max Reinhart (Que)
3 - Pasi Salonen (Que)
Power Play
Remparts - 6 on 9 Attempt(s) - 66.67%
Demolitions - 0 on 4 Attempt(s) - 0.00%
Penalty Kill
Remparts - 4 on 4 Attempt(s) - 100.00%
- Score 0 goal in Penalty Kill
Demolitions - 3 on 9 Attempt(s) - 33.33%
- Score 1 goal in Penalty Kill
Team Stat
Remparts - Hits : 24 - Faceoff Wins : 38 - Blocked Shots : 13 - Penalty Minutes : 13
Demolitions - Hits : 21 - Faceoff Wins : 31 - Blocked Shots : 9 - Penalty Minutes : 33
Official
Referees : Sutherland Kelly and Pollock Kevin
Linesman : Mark Wheler and Pierre Champoux
Game Notes
Ryan Strome has scored a Hat Trick!
Cameron Schilling and Mike Weber fight to a draw at 17:39 of 3rd period
Finance
Level 1 -- Attendance: 1466 (73.30%) -- Ticket Income $51,310
Level 2 -- Attendance: 652 (65.20%) -- Ticket Income $9,780
Total Attendance: 2118 (70.60%)
Total Ticket Income: $61,090
Other Income: $3,054
Total Income: $64,144
Remparts
5 vs 5 Forward
Center Left Wing Right Wing Time % Phy DF OF
1 Dainius Zubrus Alex Galchenyuk Guillaume Desbiens 40 1 2 2
2 Max Reinhart Pasi Salonen Ryan Strome 30 1 2 2
3 Cédric Lalonde-McNicoll Johannes Salmonsson Justin Williams 20 1 2 2
4 Chris Mueller Patrick Maroon Dale Weise 10 1 2 2
5 vs 5 Defense
Defense Defense Time % Phy DF OF
1 Kris Russell Mike Weber 40 1 2 2
2 William Colbert Erik Gustafsson 30 1 2 2
3 Michal Jordan Griffin Reinhart 20 1 2 2
4 Kris Russell Mike Weber 10 1 2 2
PowerPlay Forward
Center Left Wing Right Wing Time % Phy DF OF
1 Dainius Zubrus Alex Galchenyuk Guillaume Desbiens 60 1 2 2
2 Max Reinhart Pasi Salonen Ryan Strome 40 1 2 2
PowerPlay Defense
Defense Defense Time % Phy DF OF
1 Kris Russell Mike Weber 60 1 2 2
2 William Colbert Griffin Reinhart 40 1 2 2
Penalty Kill 4 Players Forward
Center Wing Time % Phy DF OF
1 Max Reinhart Johannes Salmonsson 60 1 2 2
2 Cédric Lalonde-McNicoll Pasi Salonen 40 1 2 2
Penalty Kill 4 Players Defense
Defense Defense Time % Phy DF OF
1 Kris Russell Mike Weber 60 1 2 2
2 William Colbert Kris Russell 40 1 2 2
Penalty Kill - 3 Players Forward
Forward Time % Phy DF OF
1 Max Reinhart 60 1 2 2
2 Cédric Lalonde-McNicoll 40 1 2 2
Penalty Kill - 3 Players Defense
Defense Defense Time % Phy DF OF
1 Kris Russell Mike Weber 60 1 2 2
2 William Colbert Kris Russell 40 1 2 2
4 vs 4 Forward
Center Wing Time % Phy DF OF
1 Dainius Zubrus Alex Galchenyuk 60 1 2 2
2 Max Reinhart Guillaume Desbiens 40 1 2 2
4 vs 4 Defense
Defense Defense Time % Phy DF OF
1 Kris Russell Mike Weber 60 1 2 2
2 William Colbert Erik Gustafsson 40 1 2 2
Last Minutes Offensive
Center Left Wing Right Wing Defense Defense
Dainius Zubrus Alex Galchenyuk Guillaume Desbiens Kris Russell Mike Weber
Last Minutes Defensive
Center Left Wing Right Wing Defense Defense
Max Reinhart Johannes Salmonsson Guillaume Desbiens Kris Russell Mike Weber
Goaltenders
Starting : Tyler Plante
Backup : Igor Bobkov
Extra Forwards
Normal : Max Reinhart, Alex Galchenyuk, Guillaume Desbiens - PP : Max Reinhart, Alex Galchenyuk - PK : Guillaume Desbiens
Extra Defensemen
Normal : William Colbert, Griffin Reinhart, Mike Weber - PP : Griffin Reinhart - PK : Erik Gustafsson, Michal Jordan
Penalty Shots
Alex Galchenyuk, Pasi Salonen, Justin Williams, Dainius Zubrus, Cédric Lalonde-McNicoll
Scratches
Cody Ceci (Sports Hernia Injury), Michael Paliotta (Healthy), Anton Zlobin (Healthy), Mitchell Heard (Healthy), Brandon Mashinter (Healthy)
Tim Bozon (Healthy), François Brassard (Healthy)
Demolitions
5 vs 5 Forward
Center Left Wing Right Wing Time % Phy DF OF
1 Corban Knight Bobby Butler Erik Condra 40 1 2 2
2 Brandon McMillan Ryan Bayda Jack Skille 30 1 2 2
3 Andrej Nestrasil Frazer Mclaren Mikko Lehtonen 20 1 2 2
4 Thomas DiPauli Ryan Russell Aaron Palushaj 10 1 2 2
5 vs 5 Defense
Defense Defense Time % Phy DF OF
1 Cameron Schilling Jonathan Blum 40 1 2 2
2 Seth Helgeson Mike Sauer 30 1 2 2
3 Dmitri Orlov Robert Bortuzzo 20 1 2 2
4 Taylor Aronson Derek Forbort 10 1 2 2
PowerPlay Forward
Center Left Wing Right Wing Time % Phy DF OF
1 Corban Knight Bobby Butler Erik Condra 60 1 2 2
2 Thomas DiPauli Ryan Bayda Jack Skille 40 1 2 2
PowerPlay Defense
Defense Defense Time % Phy DF OF
1 Cameron Schilling Jonathan Blum 60 1 2 2
2 Seth Helgeson Mike Sauer 40 1 2 2
Penalty Kill 4 Players Forward
Center Wing Time % Phy DF OF
1 Bobby Butler Ryan Bayda 60 1 2 2
2 Erik Condra Jack Skille 40 1 2 2
Penalty Kill 4 Players Defense
Defense Defense Time % Phy DF OF
1 Cameron Schilling Jonathan Blum 60 1 2 2
2 Seth Helgeson Mike Sauer 40 1 2 2
Penalty Kill - 3 Players Forward
Forward Time % Phy DF OF
1 Bobby Butler 60 1 2 2
2 Ryan Bayda 40 1 2 2
Penalty Kill - 3 Players Defense
Defense Defense Time % Phy DF OF
1 Cameron Schilling Jonathan Blum 60 1 2 2
2 Seth Helgeson Mike Sauer 40 1 2 2
4 vs 4 Forward
Center Wing Time % Phy DF OF
1 Bobby Butler Ryan Bayda 60 1 2 2
2 Erik Condra Jack Skille 40 1 2 2
4 vs 4 Defense
Defense Defense Time % Phy DF OF
1 Cameron Schilling Jonathan Blum 60 1 2 2
2 Seth Helgeson Mike Sauer 40 1 2 2
Last Minutes Offensive
Center Left Wing Right Wing Defense Defense
Corban Knight Bobby Butler Erik Condra Cameron Schilling Jonathan Blum
Last Minutes Defensive
Center Left Wing Right Wing Defense Defense
Corban Knight Bobby Butler Erik Condra Cameron Schilling Jonathan Blum
Goaltenders
Starting : Joe Cannata
Backup : Olivier Roy
Extra Forwards
Normal : Billy Sweat, Josh Beaulieu, Alex Hutchings - PP : Billy Sweat, Josh Beaulieu - PK : Alex Hutchings
Extra Defensemen
Normal : Nick Pryor, Dmitri Orlov, Robert Bortuzzo - PP : Nick Pryor - PK : Dmitri Orlov, Robert Bortuzzo
Penalty Shots
Bobby Butler, Ryan Bayda, Erik Condra, Jack Skille, Frazer Mclaren
Scratches
Ryan Olsen (Healthy), Nicolas Blanchard (Strained Groin Injury), Taylor Leier (Healthy), Mitchell Moroz (Healthy), Jake Paterson (Healthy)
Jussi Rynnas (Healthy)
% Time on Ice - Remparts
Lines # - Real PCT - Wanted PCT - Time Play
Normal Forward
1 - 35% - 40% - 14:07
2 - 28% - 30% - 11:36
3 - 22% - 20% - 8:49
4 - 15% - 10% - 6:12
Normal Defense
1 - 39% - 40% - 15:51
2 - 35% - 30% - 14:13
3 - 22% - 20% - 8:57
4 - 4% - 10% - 1:43
PP Forward
1 - 66% - 60% - 7:28
2 - 34% - 40% - 3:52
PP Defense
1 - 72% - 60% - 8:07
2 - 28% - 40% - 3:13
PK Forward
1 - 66% - 60% - 3:51
2 - 34% - 40% - 2:00
PK Defense
1 - 62% - 60% - 3:37
2 - 38% - 40% - 2:14
PK3 Forward
1 - 0% - 60%
2 - 0% - 40%
PK3 Defense
1 - 0% - 60%
2 - 0% - 40%
44 Forward
1 - 100% - 60% - 2:05
2 - 0% - 40% - 0:00
44 Defense
1 - 27% - 60% - 0:34
2 - 73% - 40% - 1:31
Last Minute Offensive - 0:00
Last Minute Defensive - 0:00
Total
Forward - 60:00
Defense - 60:00
|
% Time on Ice - Demolitions
Lines # - Real PCT - Wanted PCT - Time Play
Normal Forward
1 - 36% - 40% - 14:47
2 - 26% - 30% - 10:46
3 - 23% - 20% - 9:27
4 - 14% - 10% - 5:44
Normal Defense
1 - 42% - 40% - 17:00
2 - 32% - 30% - 13:09
3 - 18% - 20% - 7:32
4 - 7% - 10% - 3:03
PP Forward
1 - 54% - 60% - 3:08
2 - 46% - 40% - 2:43
PP Defense
1 - 54% - 60% - 3:10
2 - 46% - 40% - 2:41
PK Forward
1 - 71% - 60% - 8:03
2 - 29% - 40% - 3:17
PK Defense
1 - 70% - 60% - 7:54
2 - 30% - 40% - 3:26
PK3 Forward
1 - 0% - 60%
2 - 0% - 40%
PK3 Defense
1 - 0% - 60%
2 - 0% - 40%
44 Forward
1 - 79% - 60% - 1:39
2 - 21% - 40% - 0:26
44 Defense
1 - 73% - 60% - 1:31
2 - 27% - 40% - 0:34
Last Minute Offensive - 0:00
Last Minute Defensive - 0:00
Total
Forward - 60:00
Defense - 60:00
|
Play by Play
1st period
0:01 of 1st period - Corban Knight wins face-off versus Guillaume Desbiens in neutral zone.
0:14 of 1st period - Snap shot by Bobby Butler.
0:14 of 1st period - Stopped by Tyler Plante with a rebound.
0:16 of 1st period - Snap shot by Jonathan Blum.
0:16 of 1st period - Deflect By Alex Galchenyuk.
0:16 of 1st period - Stopped by Tyler Plante without a rebound.
0:17 of 1st period - Brandon McMillan wins face-off versus Max Reinhart in Remparts zone.
0:26 of 1st period - Wrist shot by Pasi Salonen.
0:26 of 1st period - Stopped by Joe Cannata with a rebound.
0:28 of 1st period - Wrist shot by Pasi Salonen.
0:28 of 1st period - Shot Blocked by Seth Helgeson.
0:30 of 1st period - Slapshot by Ryan Strome.
0:30 of 1st period - Stopped by Joe Cannata with a rebound.
0:42 of 1st period - Cédric Lalonde-McNicoll is hit by Seth Helgeson and loses puck.
1:45 of 1st period - Brandon McMillan is hit by Ryan Strome and loses puck.
2:24 of 1st period - Cameron Schilling is hit by Chris Mueller and loses puck.
2:29 of 1st period - Wrist shot by Patrick Maroon.
2:29 of 1st period - Stopped by Joe Cannata without a rebound.
2:30 of 1st period - Guillaume Desbiens wins face-off versus Corban Knight in Demolitions zone.
2:40 of 1st period - Alex Galchenyuk is hit by Erik Condra and loses puck.
2:55 of 1st period - Wrist shot by Justin Williams.
2:55 of 1st period - Shot Misses the Net.
3:01 of 1st period - Snap shot by Bobby Butler.
3:01 of 1st period - Shot Misses the Net.
3:03 of 1st period - Wrist shot by Bobby Butler.
3:03 of 1st period - Shot Misses the Net.
3:13 of 1st period - Wrist shot by Corban Knight.
3:13 of 1st period - Shot Blocked by Erik Gustafsson.
3:26 of 1st period - Minor Penalty to Cédric Lalonde-McNicoll for Hooking.
3:27 of 1st period - Max Reinhart wins face-off versus Thomas DiPauli in Remparts zone.
3:27 of 1st period - Max Reinhart is hit by Ryan Bayda.
4:36 of 1st period - Cameron Schilling is hit by Pasi Salonen and loses puck.
4:57 of 1st period - Max Reinhart is hit by Corban Knight and loses puck.
5:26 of 1st period - Penalty to Cédric Lalonde-McNicoll is over, Cédric Lalonde-McNicoll is back on ice.
5:42 of 1st period - Wrist shot by Patrick Maroon.
5:42 of 1st period - Shot Misses the Net.
5:44 of 1st period - Slapshot by Chris Mueller.
5:44 of 1st period - Stopped by Joe Cannata with a rebound.
5:46 of 1st period - Snap shot by Patrick Maroon.
5:46 of 1st period - Shot Misses the Net.
6:02 of 1st period - Jack Skille is hit by Johannes Salmonsson and loses puck.
6:31 of 1st period - Snap shot by Alex Galchenyuk.
6:31 of 1st period - Shot Misses the Net.
6:33 of 1st period - Wrist shot by Dainius Zubrus.
6:33 of 1st period - Shot Hit the Post.
7:19 of 1st period - Snap shot by Patrick Maroon.
7:19 of 1st period - Stopped by Joe Cannata with a rebound.
8:09 of 1st period - Jack Skille is hit by William Colbert and loses puck.
8:24 of 1st period - Jack Skille is hit by Dainius Zubrus and loses puck.
8:43 of 1st period - Snap shot by Bobby Butler.
8:43 of 1st period - Shot Hit the Post.
9:25 of 1st period - Minor Penalty to Andrej Nestrasil for Interference.
9:26 of 1st period - Dainius Zubrus wins face-off versus Bobby Butler in Demolitions zone.
9:28 of 1st period - Wrist shot by Alex Galchenyuk.
9:28 of 1st period - Stopped by Joe Cannata without a rebound.
9:29 of 1st period - Alex Galchenyuk wins face-off versus Bobby Butler in Demolitions zone.
9:49 of 1st period - Minor Penalty to Dainius Zubrus for Hooking.
9:50 of 1st period - Max Reinhart wins face-off versus Bobby Butler in Remparts zone.
10:04 of 1st period - Slapshot by Alex Galchenyuk.
10:04 of 1st period - Stopped by Joe Cannata with a rebound.
10:06 of 1st period - Slapshot by Kris Russell.
10:06 of 1st period - Shot Misses the Net.
10:30 of 1st period - Wrist shot by Jack Skille.
10:30 of 1st period - Stopped by Tyler Plante with a rebound.
11:09 of 1st period - Snap shot by Johannes Salmonsson.
11:09 of 1st period - Shot Misses the Net.
11:22 of 1st period - Icing by Alex Galchenyuk.
11:23 of 1st period - Erik Condra wins face-off versus Max Reinhart in Remparts zone.
11:25 of 1st period - Penalty to Andrej Nestrasil is over, Andrej Nestrasil is back on ice.
11:30 of 1st period - Wrist shot by Erik Condra.
11:30 of 1st period - Shot Misses the Net.
11:49 of 1st period - Penalty to Dainius Zubrus is over, Dainius Zubrus is back on ice.
11:52 of 1st period - Wrist shot by Bobby Butler.
11:52 of 1st period - Deflect By Pasi Salonen.
11:52 of 1st period - Shot Blocked by Pasi Salonen.
11:52 of 1st period - Puck is out of play.
11:53 of 1st period - Max Reinhart wins face-off versus Corban Knight in Remparts zone.
12:20 of 1st period - Dmitri Orlov is hit by Chris Mueller and loses puck.
12:37 of 1st period - Wrist shot by Guillaume Desbiens.
12:37 of 1st period - Shot Misses the Net.
12:49 of 1st period - Minor Penalty to Andrej Nestrasil for Holding.
12:50 of 1st period - Bobby Butler wins face-off versus Dainius Zubrus in Demolitions zone.
12:50 of 1st period - Bobby Butler is hit by Guillaume Desbiens.
14:49 of 1st period - Penalty to Andrej Nestrasil is over, Andrej Nestrasil is back on ice.
15:23 of 1st period - Minor Penalty to Robert Bortuzzo for Hooking.
15:24 of 1st period - Bobby Butler wins face-off versus Max Reinhart in Demolitions zone.
15:39 of 1st period - Snap shot by Ryan Strome.
15:39 of 1st period - Goal by Ryan Strome - Remparts : 1 - Demolitions : 0.
15:40 of 1st period - Dainius Zubrus wins face-off versus Corban Knight in neutral zone.
15:55 of 1st period - Slapshot by Corban Knight.
15:55 of 1st period - Shot Misses the Net.
16:05 of 1st period - Alex Galchenyuk is hit by Mikko Lehtonen and loses puck.
16:12 of 1st period - Slapshot by Mikko Lehtonen.
16:12 of 1st period - Stopped by Tyler Plante without a rebound.
16:13 of 1st period - Max Reinhart wins face-off versus Corban Knight in Remparts zone.
16:20 of 1st period - Snap shot by Erik Condra.
16:20 of 1st period - Shot Misses the Net.
16:40 of 1st period - Snap shot by Jack Skille.
16:40 of 1st period - Shot Blocked by Johannes Salmonsson.
16:51 of 1st period - Minor Penalty to Seth Helgeson for Holding.
16:52 of 1st period - Bobby Butler wins face-off versus Alex Galchenyuk in Demolitions zone.
18:36 of 1st period - Dainius Zubrus is hit by Alex Hutchings and loses puck.
18:51 of 1st period - Penalty to Seth Helgeson is over, Seth Helgeson is back on ice.
19:01 of 1st period - Slapshot by Cameron Schilling.
19:01 of 1st period - Shot Misses the Net.
19:03 of 1st period - Snap shot by Ryan Bayda.
19:03 of 1st period - Stopped by Tyler Plante without a rebound.
19:04 of 1st period - Cédric Lalonde-McNicoll wins face-off versus Frazer Mclaren in Remparts zone.
19:33 of 1st period - Off-side.
19:34 of 1st period - Chris Mueller wins face-off versus Thomas DiPauli in neutral zone.
19:37 of 1st period - Slapshot by William Colbert.
19:37 of 1st period - Shot Misses the Net.
19:39 of 1st period - Snap shot by Chris Mueller.
19:39 of 1st period - Shot Blocked by Cameron Schilling.
19:43 of 1st period - Slapshot by William Colbert.
19:43 of 1st period - Stopped by Joe Cannata without a rebound.
19:44 of 1st period - Corban Knight wins face-off versus Alex Galchenyuk in Demolitions zone.
Goals for this period are 1 for Remparts vs 0 for Demolitions.
Shots for this period are 9 for Remparts vs 5 for Demolitions.
2nd period
0:01 of 2nd period - Bobby Butler wins face-off versus Dainius Zubrus in neutral zone.
0:10 of 2nd period - Wrist shot by Bobby Butler.
0:10 of 2nd period - Shot Blocked by Kris Russell.
0:12 of 2nd period - Slapshot by Cameron Schilling.
0:12 of 2nd period - Stopped by Tyler Plante with a rebound.
0:28 of 2nd period - Jonathan Blum is hit by Kris Russell and loses puck.
0:33 of 2nd period - Wrist shot by Ryan Strome.
0:33 of 2nd period - Stopped by Joe Cannata with a rebound.
1:02 of 2nd period - Off-side.
1:03 of 2nd period - Dainius Zubrus wins face-off versus Corban Knight in neutral zone.
1:06 of 2nd period - Snap shot by Dainius Zubrus.
1:06 of 2nd period - Shot Blocked by Seth Helgeson.
1:51 of 2nd period - Mike Weber is hit by Robert Bortuzzo and loses puck.
1:56 of 2nd period - Snap shot by Andrej Nestrasil.
1:56 of 2nd period - Shot Misses the Net.
2:27 of 2nd period - Chris Mueller is hit by Aaron Palushaj and loses puck.
2:32 of 2nd period - Slapshot by Jonathan Blum.
2:32 of 2nd period - Shot Blocked by Michal Jordan.
2:40 of 2nd period - Wrist shot by Aaron Palushaj.
2:40 of 2nd period - Deflect By Patrick Maroon.
2:40 of 2nd period - Shot Misses the Net.
2:40 of 2nd period - Puck is out of play.
2:41 of 2nd period - Dainius Zubrus wins face-off versus Brandon McMillan in Remparts zone.
2:41 of 2nd period - Dainius Zubrus is hit by Jack Skille.
4:12 of 2nd period - Wrist shot by Patrick Maroon.
4:12 of 2nd period - Deflect By Chris Mueller.
4:12 of 2nd period - Shot Misses the Net.
4:12 of 2nd period - Puck is out of play.
4:13 of 2nd period - Dainius Zubrus wins face-off versus Corban Knight in Demolitions zone.
4:29 of 2nd period - Wrist shot by Bobby Butler.
4:29 of 2nd period - Shot Misses the Net.
5:03 of 2nd period - Snap shot by Justin Williams.
5:03 of 2nd period - Stopped by Joe Cannata with a rebound.
5:05 of 2nd period - Snap shot by Johannes Salmonsson.
5:05 of 2nd period - Shot Hit the Post.
5:27 of 2nd period - Snap shot by Ryan Russell.
5:27 of 2nd period - Stopped by Tyler Plante without a rebound.
5:28 of 2nd period - Erik Condra wins face-off versus Dainius Zubrus in Remparts zone.
5:33 of 2nd period - Snap shot by Bobby Butler.
5:33 of 2nd period - Deflect By Corban Knight.
5:33 of 2nd period - Stopped by Tyler Plante with a rebound.
5:35 of 2nd period - Wrist shot by Erik Condra.
5:35 of 2nd period - Deflect By Alex Galchenyuk.
5:35 of 2nd period - Shot Misses the Net.
5:35 of 2nd period - Puck is out of play.
5:36 of 2nd period - Bobby Butler wins face-off versus Dainius Zubrus in Remparts zone.
5:51 of 2nd period - Snap shot by Bobby Butler.
5:51 of 2nd period - Shot Blocked by Kris Russell.
6:03 of 2nd period - Wrist shot by Pasi Salonen.
6:03 of 2nd period - Shot Blocked by Ryan Bayda.
6:21 of 2nd period - Cameron Schilling is hit by Kris Russell and loses puck.
6:46 of 2nd period - Dale Weise is hit by Bobby Butler and loses puck.
7:27 of 2nd period - Off-side.
7:28 of 2nd period - Corban Knight wins face-off versus Dainius Zubrus in neutral zone.
7:28 of 2nd period - Bobby Butler is hit by Dainius Zubrus and loses puck.
7:35 of 2nd period - Snap shot by Erik Condra.
7:35 of 2nd period - Shot Misses the Net.
7:37 of 2nd period - Slapshot by Bobby Butler.
7:37 of 2nd period - Stopped by Tyler Plante with a rebound.
7:43 of 2nd period - Wrist shot by Bobby Butler.
7:43 of 2nd period - Stopped by Tyler Plante without a rebound.
7:44 of 2nd period - Max Reinhart wins face-off versus Brandon McMillan in Remparts zone.
7:51 of 2nd period - Mike Sauer is hit by Ryan Strome and loses puck.
8:37 of 2nd period - Wrist shot by Johannes Salmonsson.
8:37 of 2nd period - Shot Misses the Net.
8:39 of 2nd period - Snap shot by Johannes Salmonsson.
8:39 of 2nd period - Shot Misses the Net.
8:41 of 2nd period - Slapshot by Kris Russell.
8:41 of 2nd period - Deflect By Justin Williams.
8:41 of 2nd period - Stopped by Joe Cannata without a rebound.
8:42 of 2nd period - Brandon McMillan wins face-off versus Pasi Salonen in Demolitions zone.
8:42 of 2nd period - Brandon McMillan is hit by Ryan Strome.
8:54 of 2nd period - Slapshot by Ryan Bayda.
8:54 of 2nd period - Shot Misses the Net.
8:56 of 2nd period - Slapshot by Seth Helgeson.
8:56 of 2nd period - Shot Misses the Net.
8:58 of 2nd period - Snap shot by Seth Helgeson.
8:58 of 2nd period - Stopped by Tyler Plante without a rebound.
8:59 of 2nd period - Guillaume Desbiens wins face-off versus Corban Knight in Remparts zone.
9:29 of 2nd period - Slapshot by Kris Russell.
9:29 of 2nd period - Stopped by Joe Cannata with a rebound.
9:31 of 2nd period - Slapshot by Mike Weber.
9:31 of 2nd period - Shot Misses the Net.
9:33 of 2nd period - Snap shot by Max Reinhart.
9:33 of 2nd period - Goal by Max Reinhart - Remparts : 2 - Demolitions : 0.
9:34 of 2nd period - Dainius Zubrus wins face-off versus Corban Knight in neutral zone.
10:41 of 2nd period - Chris Mueller is hit by Mike Sauer and loses puck.
11:04 of 2nd period - Dainius Zubrus is hit by Mike Sauer.
11:26 of 2nd period - Snap shot by Pasi Salonen.
11:26 of 2nd period - Stopped by Joe Cannata with a rebound.
11:28 of 2nd period - Snap shot by Ryan Strome.
11:28 of 2nd period - Shot Misses the Net.
11:42 of 2nd period - Snap shot by Mikko Lehtonen.
11:42 of 2nd period - Shot Misses the Net.
11:44 of 2nd period - Snap shot by Mike Sauer.
11:44 of 2nd period - Stopped by Tyler Plante with a rebound.
11:46 of 2nd period - Snap shot by Mikko Lehtonen.
11:46 of 2nd period - Shot Hit the Post.
12:14 of 2nd period - Patrick Maroon is hit by Bobby Butler and loses puck.
13:40 of 2nd period - Wrist shot by Aaron Palushaj.
13:40 of 2nd period - Deflect By Patrick Maroon.
13:40 of 2nd period - Shot Misses the Net.
13:40 of 2nd period - Puck is out of play.
13:41 of 2nd period - Chris Mueller wins face-off versus Aaron Palushaj in Remparts zone.
13:50 of 2nd period - Wrist shot by Ryan Russell.
13:50 of 2nd period - Stopped by Tyler Plante without a rebound.
13:51 of 2nd period - Dainius Zubrus wins face-off versus Corban Knight in Remparts zone.
14:00 of 2nd period - Slapshot by Guillaume Desbiens.
14:00 of 2nd period - Shot Hit the Post.
14:02 of 2nd period - Snap shot by Dainius Zubrus.
14:02 of 2nd period - Shot Misses the Net.
14:04 of 2nd period - Slapshot by Alex Galchenyuk.
14:04 of 2nd period - Stopped by Joe Cannata without a rebound.
14:05 of 2nd period - Brandon McMillan wins face-off versus Dainius Zubrus in Demolitions zone.
14:30 of 2nd period - Bobby Butler is hit by Justin Williams and loses puck.
14:35 of 2nd period - Snap shot by Justin Williams.
14:35 of 2nd period - Stopped by Joe Cannata with a rebound.
14:53 of 2nd period - Snap shot by Andrej Nestrasil.
14:53 of 2nd period - Shot Blocked by Kris Russell.
14:55 of 2nd period - Slapshot by Mikko Lehtonen.
14:55 of 2nd period - Stopped by Tyler Plante with a rebound.
14:57 of 2nd period - Snap shot by Andrej Nestrasil.
14:57 of 2nd period - Stopped by Tyler Plante without a rebound.
14:58 of 2nd period - Max Reinhart wins face-off versus Brandon McMillan in Remparts zone.
15:46 of 2nd period - Frazer Mclaren is hit by Patrick Maroon.
16:10 of 2nd period - Wrist shot by Aaron Palushaj.
16:10 of 2nd period - Shot Blocked by Michal Jordan.
16:52 of 2nd period - Off-side.
16:53 of 2nd period - Brandon McMillan wins face-off versus Dainius Zubrus in neutral zone.
17:19 of 2nd period - William Colbert is hit by Cameron Schilling and loses puck.
17:34 of 2nd period - Minor Penalty to Pasi Salonen for Tripping.
17:35 of 2nd period - Max Reinhart wins face-off versus Corban Knight in Remparts zone.
18:07 of 2nd period - Slapshot by Jonathan Blum.
18:07 of 2nd period - Shot Blocked by Kris Russell.
18:09 of 2nd period - Slapshot by Jonathan Blum.
18:09 of 2nd period - Shot Blocked by Kris Russell.
19:22 of 2nd period - Corban Knight is hit by Guillaume Desbiens and loses puck.
19:34 of 2nd period - Penalty to Pasi Salonen is over, Pasi Salonen is back on ice.
Goals for this period are 1 for Remparts vs 0 for Demolitions.
Shots for this period are 8 for Remparts vs 10 for Demolitions.
3rd period
0:01 of 3rd period - Corban Knight wins face-off versus Dainius Zubrus in neutral zone.
0:16 of 3rd period - Snap shot by Alex Galchenyuk.
0:16 of 3rd period - Shot Misses the Net.
0:35 of 3rd period - Backhand shot by Erik Gustafsson.
0:35 of 3rd period - Stopped by Joe Cannata with a rebound.
1:08 of 3rd period - Snap shot by Patrick Maroon.
1:08 of 3rd period - Shot Misses the Net.
1:10 of 3rd period - Snap shot by Alex Galchenyuk.
1:10 of 3rd period - Stopped by Joe Cannata without a rebound.
1:11 of 3rd period - Guillaume Desbiens wins face-off versus Thomas DiPauli in Demolitions zone.
1:37 of 3rd period - Mike Sauer is hit by Max Reinhart.
1:49 of 3rd period - Seth Helgeson is hit by Max Reinhart and loses puck.
2:03 of 3rd period - Backhand shot by Frazer Mclaren.
2:03 of 3rd period - Deflect By Mikko Lehtonen.
2:03 of 3rd period - Shot Blocked by Max Reinhart.
2:03 of 3rd period - Puck is out of play.
2:04 of 3rd period - Andrej Nestrasil wins face-off versus Dainius Zubrus in Remparts zone.
2:11 of 3rd period - Snap shot by Andrej Nestrasil.
2:11 of 3rd period - Stopped by Tyler Plante with a rebound.
2:13 of 3rd period - Slapshot by Dmitri Orlov.
2:13 of 3rd period - Deflect By Mikko Lehtonen.
2:13 of 3rd period - Stopped by Tyler Plante with a rebound.
2:31 of 3rd period - Cédric Lalonde-McNicoll is hit by Corban Knight and loses puck.
2:38 of 3rd period - Snap shot by Erik Condra.
2:38 of 3rd period - Shot Misses the Net.
2:54 of 3rd period - Snap shot by Patrick Maroon.
2:54 of 3rd period - Deflect By Chris Mueller.
2:54 of 3rd period - Stopped by Joe Cannata with a rebound.
2:56 of 3rd period - Wrist shot by Patrick Maroon.
2:56 of 3rd period - Stopped by Joe Cannata without a rebound.
2:57 of 3rd period - Dainius Zubrus wins face-off versus Corban Knight in Demolitions zone.
2:58 of 3rd period - Snap shot by Guillaume Desbiens.
2:58 of 3rd period - Stopped by Joe Cannata without a rebound.
2:59 of 3rd period - Dainius Zubrus wins face-off versus Corban Knight in Demolitions zone.
3:02 of 3rd period - Wrist shot by Alex Galchenyuk.
3:02 of 3rd period - Shot Misses the Net.
3:24 of 3rd period - Pasi Salonen is hit by Jack Skille and loses puck.
3:37 of 3rd period - Snap shot by Brandon McMillan.
3:37 of 3rd period - Stopped by Tyler Plante with a rebound.
3:49 of 3rd period - Mikko Lehtonen is hit by Johannes Salmonsson and loses puck.
3:56 of 3rd period - Snap shot by Mikko Lehtonen.
3:56 of 3rd period - Stopped by Tyler Plante without a rebound.
3:57 of 3rd period - Dainius Zubrus wins face-off versus Corban Knight in Remparts zone.
4:12 of 3rd period - Slapshot by Bobby Butler.
4:12 of 3rd period - Stopped by Tyler Plante with a rebound.
4:24 of 3rd period - Ryan Strome is hit by Ryan Bayda and loses puck.
5:01 of 3rd period - Dale Weise is hit by Ryan Russell and loses puck.
5:21 of 3rd period - Off-side.
5:22 of 3rd period - Brandon McMillan wins face-off versus Dainius Zubrus in neutral zone.
5:27 of 3rd period - Snap shot by Jack Skille.
5:27 of 3rd period - Goal by Jack Skille - Remparts : 2 - Demolitions : 1.
5:28 of 3rd period - Dainius Zubrus wins face-off versus Corban Knight in neutral zone.
5:35 of 3rd period - Slapshot by Erik Gustafsson.
5:35 of 3rd period - Stopped by Joe Cannata with a rebound.
6:17 of 3rd period - Slapshot by Erik Gustafsson.
6:17 of 3rd period - Shot Blocked by Seth Helgeson.
6:19 of 3rd period - Slapshot by Erik Gustafsson.
6:19 of 3rd period - Deflect By Ryan Strome.
6:19 of 3rd period - Goal by Ryan Strome - Remparts : 3 - Demolitions : 1.
6:20 of 3rd period - Corban Knight wins face-off versus Max Reinhart in neutral zone.
6:22 of 3rd period - Minor Penalty to Corban Knight for Roughing.
6:23 of 3rd period - Bobby Butler wins face-off versus Dainius Zubrus in Demolitions zone.
6:39 of 3rd period - Snap shot by Guillaume Desbiens.
6:39 of 3rd period - Shot Blocked by Ryan Bayda.
8:16 of 3rd period - Cameron Schilling is hit by Justin Williams and loses puck.
8:21 of 3rd period - Snap shot by Cédric Lalonde-McNicoll.
8:21 of 3rd period - Goal by Cédric Lalonde-McNicoll - Remparts : 4 - Demolitions : 1.
8:22 of 3rd period - Corban Knight wins face-off versus Justin Williams in neutral zone.
8:54 of 3rd period - Minor Penalty to Mike Sauer for Roughing.
8:55 of 3rd period - Bobby Butler wins face-off versus Dainius Zubrus in Demolitions zone.
9:27 of 3rd period - Slapshot by William Colbert.
9:27 of 3rd period - Stopped by Joe Cannata without a rebound.
9:28 of 3rd period - Erik Condra wins face-off versus Max Reinhart in Demolitions zone.
9:33 of 3rd period - Wrist shot by Erik Condra.
9:33 of 3rd period - Shot Blocked by Pasi Salonen.
9:40 of 3rd period - Off-side.
9:41 of 3rd period - Bobby Butler wins face-off versus Dainius Zubrus in neutral zone.
9:44 of 3rd period - Snap shot by Bobby Butler.
9:44 of 3rd period - Stopped by Tyler Plante without a rebound.
9:45 of 3rd period - Dainius Zubrus wins face-off versus Ryan Bayda in Remparts zone.
9:56 of 3rd period - Slapshot by Ryan Bayda.
9:56 of 3rd period - Stopped by Tyler Plante with a rebound.
9:58 of 3rd period - Snap shot by Ryan Bayda.
9:58 of 3rd period - Stopped by Tyler Plante without a rebound.
9:59 of 3rd period - Dainius Zubrus wins face-off versus Bobby Butler in Remparts zone.
10:08 of 3rd period - Snap shot by Ryan Bayda.
10:08 of 3rd period - Stopped by Tyler Plante with a rebound.
10:10 of 3rd period - Snap shot by Jonathan Blum.
10:10 of 3rd period - Stopped by Tyler Plante with a rebound.
10:12 of 3rd period - Backhand shot by Jonathan Blum.
10:12 of 3rd period - Stopped by Tyler Plante with a rebound.
10:14 of 3rd period - Snap shot by Ryan Bayda.
10:14 of 3rd period - Goal by Ryan Bayda - Remparts : 4 - Demolitions : 2.
10:15 of 3rd period - Dainius Zubrus wins face-off versus Ryan Bayda in neutral zone.
10:49 of 3rd period - Slapshot by Griffin Reinhart.
10:49 of 3rd period - Stopped by Joe Cannata with a rebound.
10:51 of 3rd period - Slapshot by Griffin Reinhart.
10:51 of 3rd period - Goal by Griffin Reinhart - Remparts : 5 - Demolitions : 2.
10:52 of 3rd period - Dainius Zubrus wins face-off versus Corban Knight in neutral zone.
11:17 of 3rd period - Jonathan Blum is hit by Cédric Lalonde-McNicoll and loses puck.
11:51 of 3rd period - Slapshot by Jack Skille.
11:51 of 3rd period - Shot Misses the Net.
11:54 of 3rd period - Icing by Erik Gustafsson.
11:55 of 3rd period - Andrej Nestrasil wins face-off versus Max Reinhart in Remparts zone.
12:39 of 3rd period - Snap shot by Ryan Strome.
12:39 of 3rd period - Stopped by Joe Cannata without a rebound.
12:40 of 3rd period - Thomas DiPauli wins face-off versus Dainius Zubrus in Demolitions zone.
12:48 of 3rd period - Minor Penalty to Dainius Zubrus for Holding.
12:49 of 3rd period - Erik Condra wins face-off versus Max Reinhart in Remparts zone.
12:55 of 3rd period - Slapshot by Bobby Butler.
12:55 of 3rd period - Shot Misses the Net.
12:57 of 3rd period - Slapshot by Jonathan Blum.
12:57 of 3rd period - Deflect By Mike Weber.
12:57 of 3rd period - Stopped by Tyler Plante with a rebound.
13:17 of 3rd period - Jonathan Blum is hit by Max Reinhart and loses puck.
13:26 of 3rd period - Slapshot by Cameron Schilling.
13:26 of 3rd period - Shot Blocked by Kris Russell.
13:32 of 3rd period - Cameron Schilling is hit by Pasi Salonen and loses puck.
13:37 of 3rd period - Wrist shot by Cédric Lalonde-McNicoll.
13:37 of 3rd period - Stopped by Joe Cannata without a rebound.
13:38 of 3rd period - Bobby Butler wins face-off versus Max Reinhart in Demolitions zone.
14:07 of 3rd period - Pasi Salonen is hit by Bobby Butler and loses puck.
14:17 of 3rd period - Minor Penalty to Seth Helgeson for Holding.
14:18 of 3rd period - Max Reinhart wins face-off versus Bobby Butler in Demolitions zone.
14:42 of 3rd period - Icing by Bobby Butler.
14:43 of 3rd period - Billy Sweat wins face-off versus Guillaume Desbiens in Demolitions zone.
14:48 of 3rd period - Penalty to Dainius Zubrus is over, Dainius Zubrus is back on ice.
14:50 of 3rd period - Mike Weber is hit by Jonathan Blum.
15:15 of 3rd period - Icing by Kris Russell.
15:16 of 3rd period - Guillaume Desbiens wins face-off versus Bobby Butler in Remparts zone.
15:23 of 3rd period - Cameron Schilling is hit by Alex Galchenyuk and loses puck.
15:32 of 3rd period - Wrist shot by Dainius Zubrus.
15:32 of 3rd period - Stopped by Joe Cannata with a rebound.
15:34 of 3rd period - Snap shot by Dainius Zubrus.
15:34 of 3rd period - Shot Misses the Net.
15:44 of 3rd period - Slapshot by Dainius Zubrus.
15:44 of 3rd period - Deflect By Cameron Schilling.
15:44 of 3rd period - Goal by Dainius Zubrus - Remparts : 6 - Demolitions : 2.
15:45 of 3rd period - Corban Knight wins face-off versus Max Reinhart in neutral zone.
16:12 of 3rd period - Michal Jordan is hit by Jonathan Blum and loses puck.
17:22 of 3rd period - Wrist shot by Mikko Lehtonen.
17:22 of 3rd period - Stopped by Tyler Plante without a rebound.
17:23 of 3rd period - Max Reinhart wins face-off versus Corban Knight in Remparts zone.
17:36 of 3rd period - Wrist shot by Ryan Strome.
17:36 of 3rd period - Deflect By Dmitri Orlov.
17:36 of 3rd period - Goal by Ryan Strome - Remparts : 7 - Demolitions : 2.
17:37 of 3rd period - Corban Knight wins face-off versus Dainius Zubrus in neutral zone.
17:39 of 3rd period - Cameron Schilling and Mike Weber fight to a draw.
17:39 of 3rd period - Penalty to Cameron Schilling for Fighting.
17:39 of 3rd period - Penalty to Mike Weber for Fighting.
17:39 of 3rd period - Penalty to Cameron Schilling for instigated a fight.
17:39 of 3rd period - Penalty to Cameron Schilling for instigated a fight.
17:40 of 3rd period - Guillaume Desbiens wins face-off versus Bobby Butler in neutral zone.
17:50 of 3rd period - Icing by Guillaume Desbiens.
17:51 of 3rd period - Dainius Zubrus wins face-off versus Bobby Butler in Remparts zone.
18:10 of 3rd period - Snap shot by Guillaume Desbiens.
18:10 of 3rd period - Shot Misses the Net.
18:12 of 3rd period - Snap shot by Guillaume Desbiens.
18:12 of 3rd period - Shot Blocked by Jonathan Blum.
18:14 of 3rd period - Slapshot by Kris Russell.
18:14 of 3rd period - Shot Blocked by Dmitri Orlov.
18:16 of 3rd period - Snap shot by Kris Russell.
18:16 of 3rd period - Stopped by Joe Cannata with a rebound.
18:32 of 3rd period - Wrist shot by Alex Galchenyuk.
18:32 of 3rd period - Shot Misses the Net.
19:02 of 3rd period - Snap shot by Dainius Zubrus.
19:02 of 3rd period - Stopped by Joe Cannata with a rebound.
19:04 of 3rd period - Wrist shot by Dainius Zubrus.
19:04 of 3rd period - Shot Misses the Net.
19:06 of 3rd period - Wrist shot by Guillaume Desbiens.
19:06 of 3rd period - Goal by Guillaume Desbiens - Remparts : 8 - Demolitions : 2.
19:07 of 3rd period - Andrej Nestrasil wins face-off versus Ryan Strome in neutral zone.
19:07 of 3rd period - Minor Penalty to Andrej Nestrasil for Hooking.
19:08 of 3rd period - Max Reinhart wins face-off versus Bobby Butler in Demolitions zone.
19:15 of 3rd period - Wrist shot by Ryan Strome.
19:15 of 3rd period - Stopped by Joe Cannata with a rebound.
19:17 of 3rd period - Snap shot by Griffin Reinhart.
19:17 of 3rd period - Stopped by Joe Cannata without a rebound.
19:18 of 3rd period - Max Reinhart wins face-off versus Bobby Butler in Demolitions zone.
19:25 of 3rd period - Wrist shot by Ryan Strome.
19:25 of 3rd period - Deflect By Pasi Salonen.
19:25 of 3rd period - Stopped by Joe Cannata with a rebound.
19:27 of 3rd period - Slapshot by Pasi Salonen.
19:27 of 3rd period - Shot Blocked by Dmitri Orlov.
19:29 of 3rd period - Snap shot by Ryan Strome.
19:29 of 3rd period - Goal by Ryan Strome - Remparts : 9 - Demolitions : 2.
19:30 of 3rd period - Dainius Zubrus wins face-off versus Corban Knight in neutral zone.
19:38 of 3rd period - Icing by Erik Condra.
19:39 of 3rd period - Dainius Zubrus wins face-off versus Bobby Butler in Demolitions zone.
Goals for this period are 7 for Remparts vs 2 for Demolitions.
Shots for this period are 23 for Remparts vs 15 for Demolitions.
Back to the Top